 Dungeon Crawl Stone Soup version 0.30.1-11-g7821555f0a (webtiles) character file.

Game seed: 8752001094865661152

14267 pkoi the Destroyer (level 11, -5/89 HPs)
             Began as a Green Draconian Conjurer on Nov 20, 2023.
             Was a Priest of Vehumet.
             Slain by a manticore (9 damage)
             ... on level 14 of the Dungeon.
             The game lasted 00:23:59 (12997 turns).

pkoi the Destroyer (Green Draconian Conjurer)      Turns: 12997, Time: 00:24:00

Health: -5/89      AC: 11    Str:  9    XL:     11   Next: 86%
Magic:  20/29      EV: 14    Int: 26    God:    Vehumet [***...]
Gold:   857        SH:  0    Dex: 13    Spells: 1/22 levels left

rFire   . . .        G - staff of air "Faotz" {Fragile rElec Will+ Int+2 Dex+4}
rCold   . . .        c - orb {light}
rNeg    . . .        (body armour unavailable)
rPois   +            (helmet restricted)
rElec   +            g - +1 cloak {Stlth+}
rCorr   .            i - +1 pair of gloves
SInv    .            (no boots)
Will    ++...        (no amulet)
Stlth   +            d - ring of willpower
HPRegen 0.34/turn    t - ring of magical power
MPRegen 0.21/turn

%: no passive effects
@: glowing
A: breathe noxious fumes, AC +7, unfitting armour, poison resistance,
cold-blooded
a: Breathe Noxious Fumes, Renounce Religion


You were on level 14 of the Dungeon.
You worshipped Vehumet.
Vehumet was most pleased with you.
You visited 2 branches of the dungeon, and saw 13 of its levels.
You also visited: Bailey.

You collected 900 gold pieces.
You spent 43 gold pieces at shops.

Inventory:

Missiles
 s - a throwing net
Armour
 c - an orb of light (worn)
 g - a +1 cloak of stealth (worn)
 i - a +1 pair of gloves (worn)
Magical Staves
 G - the staff of air "Faotz" (weapon) {Fragile rElec Will+ Int+2 Dex+4}
   (You found it in a bailey)

   [staff of air]

   Base accuracy: +5 Base damage: 5 Base attack delay: 1.2 This weapon's minimum
   attack delay (0.6) is reached at skill level 12.
   Int:       It affects your intelligence (+2).
   Dex:       It affects your dexterity (+4).
   rElec:     It insulates you from electricity.
   Fragile:   It will be destroyed if unequipped.
   Will:      It increases your willpower.
   It falls into the 'Staves' category.
   It is a one-handed weapon.
Jewellery
 b - a ring of fire
 d - a ring of willpower (left hand)
 t - a ring of magical power (right hand)
Wands
 v - a wand of flame (6)
 B - a wand of polymorph (16)
Scrolls
 e - a scroll of magic mapping
 f - 8 scrolls of teleportation
 h - a scroll of enchant weapon
 k - a scroll of blinking
 x - 4 scrolls of enchant armour
 A - a scroll of amnesia
 E - 2 scrolls of fear
 F - a scroll of fog
Potions
 a - 2 potions of magic
 l - 4 potions of might
 m - 4 potions of heal wounds
 n - a potion of haste
 o - 3 potions of flight
 p - 6 potions of curing
 q - 2 potions of brilliance
 r - a potion of berserk rage
 u - a potion of cancellation
 z - 3 potions of resistance


   Skills:
 - Level 6.0 Fighting
 - Level 6.0 Dodging
 - Level 1.7 Stealth
 - Level 6.0 Spellcasting
 + Level 10.7 Conjurations
 + Level 4.2 Hexes
 - Level 6.0 Translocations
 + Level 7.4 Air Magic
 + Level 8.9 Poison Magic


You had one spell level left.
You knew the following spells:

 Your Spells              Type           Power      Damage    Failure   Level
a - Magic Dart            Conj           100%       1d8       1%          1
b - Searing Ray           Conj           100%       2d8       1%          2
c - Iskenderun's Mystic   Conj/Tloc      50%        2d11      1%          4
d - Mephitic Cloud        Conj/Pois/Air  70%        N/A       1%          3
e - Poisonous Vapours     Pois/Air       100%       N/A       1%          2
f - Apportation           Tloc           78%        N/A       1%          1
g - Fulminant Prism       Conj/Hex       23%        3d12      1%          4
h - Airstrike             Air            31%        2d(5-21)  1%          4

Your spell library contained the following spells:

 Spells                   Type           Power      Damage    Failure   Level
 Hailstorm                Conj/Ice       35%        3d9       1%          3
 Beastly Appendage        Tmut           14%        N/A       7%          1
 Blink                    Tloc           78%        N/A       1%          2
 Lesser Beckoning         Tloc           78%        N/A       1%          2
 Momentum Strike          Conj/Tloc      100%       3d10      1%          2
 Static Discharge         Conj/Air       100%       2-7/arc   1%          2
 Dazzling Flash           Conj/Hex       92%        N/A       1%          3
 Swiftness                Air            62%        N/A       1%          3
 Vhi's Electric Charge    Tloc/Air       100%       N/A       1%          3
 Volatile Blastmotes      Fire/Tloc      46%        2d13      1%          3
 Arcjolt                  Conj/Air       35%        1d45      1%          5
 Spider Form              Tmut/Pois      31%        N/A       3%          3
 Ensorcelled Hibernation  Hex/Ice        36%        N/A       4%          2
 Freezing Cloud           Conj/Ice/Air   28%        6-21      4%          5
 Irradiate                Conj/Tmut      17%        3d17      6%          5
 Summon Guardian Golem    Hex/Summ       18%        N/A       9%          3
 Passwall                 Tmut/Erth      5%         N/A       11%         2
 Sublimation of Blood     Necr           7%         N/A       11%         2
 Wereblood                Tmut           7%         N/A       11%         2
 Summon Lightning Spire   Summ/Air       40%        N/A       16%         4
 Orb of Destruction       Conj           29%        9d9       19%         7
 Alistair's Intoxication  Tmut/Pois      20%        N/A       30%         5
 Lee's Rapid Deconstruct  Erth           3%         3d5*      41%         5
 Petrify                  Tmut/Erth      7%         N/A       56%         4
 Spellforged Servitor     Conj/Summ      17%        N/A       82%         7
 Maxwell's Capacitive Co  Air            31%        ∞         99%         8


Dungeon Overview and Level Annotations

Branches:
Dungeon (11/15)            Temple (1/1) D:7          Bailey (visited)
   Lair: D:8-11         Orc: D:9-12

Altars:
Ashenzari
Cheibriados
Dithmenos
Elyvilon
Fedhas
Gozag
Hepliaklqana
Kikubaaqudgha
Makhleb
Nemelex Xobeh
Okawaru
Qazlal
Ru
Sif Muna
Trog
Uskayaw
Vehumet
Wu Jian
Xom
Yredelemnul
Zin
The Shining One

Shops:
D:3 !   D:4 (   D:6 [?

Annotations:
D:8 Amaemon


Innate Abilities, Weirdness & Mutations

You can breathe blasts of noxious fumes.
Your lurid green scales are hard. (AC +7)
You cannot fit into any form of body armour.
Your system is resistant to poisons. (rPois)
You are cold-blooded and may be slowed by cold attacks.


Message History

You feel a surge of power!
Poisonous vapours surround the manticore!
The manticore is poisoned.
The manticore bites you! The manticore barely misses you.
The manticore misses you.
Casting: Poisonous Vapours (safe; 1% risk of failure)
Confirm with . or Enter, or press ? or * to list all spells.
Aiming: Poisonous Vapours (safe; 1% risk of failure)
Press: ? - help, Dir - move target, f/p - manticore
Aim: a manticore (very poisoned, haloed)
You feel a surge of power!
Poisonous vapours surround the manticore!
The manticore looks as sick as possible!
You kill the boulder beetle!
Vehumet accepts your kill. The manticore bites you!!
The manticore claws you but does no damage.
The manticore barely misses you.
Casting: Poisonous Vapours (safe; 1% risk of failure)
Confirm with . or Enter, or press ? or * to list all spells.
Aiming: Searing Ray (safe; 1% risk of failure)
Press: ? - help, Shift-Dir - straight line, f/p - manticore
Aim: a manticore (lightly wounded, extremely poisoned, haloed, 92% to hit)
The searing ray hits the manticore!
The manticore is lightly wounded. (Press . to maintain the ray.)
The manticore completely misses you. The manticore claws you!
The manticore claws you.
The searing ray hits the manticore!
The manticore is heavily wounded.
The manticore bites you!
* * * LOW HITPOINT WARNING * * *
The manticore barely misses you. x2
The searing ray hits the manticore.
The manticore is severely wounded.
The manticore bites you.
* * * LOW HITPOINT WARNING * * *
The manticore claws you.
* * * LOW HITPOINT WARNING * * *
The manticore claws you!
You die...

.........#$.....#
...............#
...............#
..............#
.........?..†####
..............#.##
...#......###....##
#?#....##.H....# #
#.....##@.#.#
.....##........##
####. #####.....#
## #..(### ###..#
.## ##


You could see a manticore (extremely poisoned).

Vanquished Creatures
  Gastronok (D:10)
  An orc warlord (Bailey)
  A two-headed ogre (D:11)
  A boulder beetle (D:14)
  Lodul (D:10)
  An orc knight (Bailey)
  An orange demon (D:8)
  2 unseen horrors
  A troll (D:8)
  2 hornets (D:8)
  Prince Ribbit (D:8)
  A shadow (D:10)
  A wraith (D:10)
  2 wyverns
  16 yaks
  A steam dragon (D:9)
  Duvessa (D:4)
  A water moccasin (D:5)
  8 orc warriors
  3 ice beasts
  3 black bears
  5 centaurs
  A phantom (D:5)
  8 ogres
  A kobold brigand (D:9)
  3 bullfrogs
  3 gnoll sergeants
  9 scorpions
  Dowan (D:4)
  13 killer bees
  3 howler monkeys
  3 hounds
  3 jellies
  2 gnoll boudas (D:6)
  An orc priest (D:10)
  5 iguanas
  7 orc wizards
  31 gnolls
  8 adders
  A shadow imp (D:8)
  3 white imps
  2 ufetubi
  A worm (D:2)
  4 dart slugs
  34 orcs
  8 endoplasms
  4 giant cockroaches
  14 hobgoblins
  4 jackals (D:5)
  A quokka (D:4)
  3 ball pythons
  8 bats
  3 frilled lizards
  7 goblins
  12 kobolds
  A rat (D:1)
267 creatures vanquished.

Vanquished Creatures (collateral kills)
  A yak (D:9)
1 creature vanquished.

Vanquished Creatures (others)
  15 fulminant prisms
15 creatures vanquished.

Grand Total: 283 creatures vanquished

Notes
Turn   | Place    | Note
-------+----------+-------------------------------------------
     0 | D:1      | pkoi the Draconian Conjurer began the quest for the Orb.
     0 | D:1      | Reached XP level 1. HP: 14/14 MP: 3/3
   365 | D:1      | Reached XP level 2. HP: 20/20 MP: 0/5
   698 | D:1      | Learned a level 2 spell: Searing Ray
  1293 | D:2      | Reached skill level 5 in Conjurations
  1293 | D:2      | Reached XP level 3. HP: 26/26 MP: 0/6
  1375 | D:2      | Found a faded altar of an unknown god.
  2245 | D:3      | Reached XP level 4. HP: 33/33 MP: 1/7
  2323 | D:3      | Found Hydghaets's Distillery.
  2404 | D:3      | Bought a potion of degeneration for 10 gold pieces
  2862 | D:4      | Noticed Duvessa
  2862 | D:4      | Noticed Dowan
  2882 | D:4      | Killed Dowan
  2883 | D:4      | Reached XP level 5. HP: 31/38 MP: 5/9
  2886 | D:4      | Killed Duvessa
  2887 | D:4      | Reached skill level 6 in Conjurations
  3117 | D:3      | Learned a level 4 spell: Iskenderun's Mystic Blast
  3146 | D:4      | Found Xaohotwu's Weapon Emporium.
  3173 | D:4      | Reached XP level 6. HP: 45/45 MP: 10/10
  3313 | D:4      | Reached skill level 7 in Conjurations
  3313 | D:4      | Reached skill level 1 in Translocations
  3581 | D:4      | Noticed an ice beast
  3588 | D:4      | Killed an ice beast
  3589 | D:4      | Your scales start taking on a lurid green colour.
  3589 | D:4      | Reached XP level 7. HP: 50/50 MP: 11/11
  3589 | D:4      | Gained mutation: Your system is resistant to poisons.
                  | (rPois) [Green Draconian growth]
  3593 | D:4      | Learned a level 3 spell: Mephitic Cloud
  3596 | D:4      | Learned a level 2 spell: Poisonous Vapours
  3897 | D:5      | Entered Level 5 of the Dungeon
  3939 | D:5      | Reached skill level 1 in Air Magic
  3939 | D:5      | Reached skill level 1 in Poison Magic
  4140 | D:5      | Reached XP level 8. HP: 54/57 MP: 12/12
  4214 | D:5      | Reached skill level 8 in Conjurations
  5209 | D:6      | Found Naannote's Antique Armour Emporium.
  5240 | D:6      | Found Ficataj's Magic Scroll Boutique.
  5288 | D:6      | Bought a scroll of teleportation for 33 gold pieces
  5294 | D:6      | Reached skill level 1 in Fighting
  5458 | D:6      | Learned a level 1 spell: Apportation
  5626 | D:6      | Reached skill level 5 in Translocations
  5924 | D:6      | Reached XP level 9. HP: 67/67 MP: 14/14
  6331 | D:7      | Found a staircase to the Ecumenical Temple.
  6462 | Temple   | Entered the Ecumenical Temple
  6521 | Temple   | Became a worshipper of Vehumet
  6667 | D:7      | Reached skill level 5 in Poison Magic
  7198 | D:8      | Noticed Prince Ribbit
  7212 | D:8      | Killed Prince Ribbit
  7416 | D:8      | Noticed a troll
  7503 | D:8      | Reached skill level 9 in Conjurations
  7649 | D:8      | Noticed an orange demon
  7649 | D:8      | Noticed Amaemon
  7650 | D:8      | Noticed an unseen horror
  7675 | D:8      | Killed an unseen horror
  8100 | D:8      | Killed an orange demon
  8296 | D:8      | Reached XP level 10. HP: 68/78 MP: 10/16
  8429 | D:8      | Reached skill level 5 in Air Magic
  8784 | D:9      | Found a flagged portal.
  8839 | Bailey   | Entered a bailey
  9167 | Bailey   | Reached * piety under Vehumet
  9167 | Bailey   | Offered knowledge of Sandblast by Vehumet.
  9292 | Bailey   | Noticed an orc knight
  9332 | Bailey   | Killed an orc knight
  9333 | Bailey   | Reached skill level 5 in Spellcasting
  9434 | Bailey   | Learned a level 4 spell: Fulminant Prism
  9732 | Bailey   | Noticed an orc warlord
  9804 | Bailey   | Killed an orc warlord
  9805 | Bailey   | Reached skill level 5 in Fighting
  9805 | Bailey   | Reached skill level 1 in Hexes
  9806 | Bailey   | Offered knowledge of Shock by Vehumet.
  9974 | Bailey   | Identified the staff of air "Faotz" {Fragile rElec Will+
                  | Int+2 Dex+4}
 10044 | D:9      | Acquired a +1 cloak of stealth
 10159 | D:9      | Reached ** piety under Vehumet
 10258 | D:9      | Reached skill level 5 in Dodging
 10591 | D:9      | Reached XP level 11. HP: 88/88 MP: 17/19
 10835 | D:9      | Learned a level 4 spell: Airstrike
 11310 | D:10     | Entered Level 10 of the Dungeon
 11328 | D:10     | Noticed Lodul
 11331 | D:10     | Reached skill level 10 in Conjurations
 11349 | D:10     | Killed Lodul
 11349 | D:10     | Offered knowledge of Frozen Ramparts by Vehumet.
 11731 | D:10     | Reached *** piety under Vehumet
 11882 | D:10     | Noticed Gastronok
 11937 | D:10     | Killed Gastronok
 12250 | D:10     | Offered knowledge of Hailstorm by Vehumet.
 12510 | D:10     | Found a shimmering blue altar of Sif Muna.
 12932 | D:11     | Noticed a two-headed ogre
 12940 | D:11     | Killed a two-headed ogre
 12979 | D:11     | You fall into a shaft and drop 3 floors!
 12980 | D:14     | Noticed a boulder beetle
 12994 | D:14     | Killed a boulder beetle
 12997 | D:14     | HP: 4/89 [manticore (6)]
 12997 | D:14     | Slain by a manticore

Illustrated notes

Levels and vault maps discovered:
D:1:      mrwooster_arrival_statue_2, layout_loops_ring
D:2:      layout_basic, ebering_ecumenical_altar_hall
D:3:      layout_rooms, serial_shops, shop
D:4:      layout_rooms, serial_shops, shop_fountains, uniq_duvessa
D:5:      layout_rooms
D:6:      layout_loops_corners, serial_shops, shop, nicolae_shop_real_fake_doors
D:7:      layout_loops_ring, minmay_temple_entry_overgrown, serial_rivers,
          chequers_serial_rivers_small_3, chequers_serial_rivers_micro_b,
          chequers_serial_rivers_room_b, chequers_serial_rivers_micro_d,
          chequers_serial_rivers_micro_b, chequers_serial_rivers_micro_d
D:8:      old_forge, layout_rooms, nicolae_benzene_ring, uniq_prince_ribbit1,
          uniq_amaemon
D:9:      layout_irregular_city, enter_bailey_1
D:10:     layout_loops_ring, tgw_sif, uniq_gastronok, uniq_lodul
D:11:     layout_basic, david_lair_shrubbed, minmay_alternating_orb
D:14:     layout_cave_pools, david_vaults_4, small_statue_alley_a,
          uniq_josephine
Temple:   grunt_wide_crystal_templ

Skill      XL: |  1  2  3  4  5  6  7  8  9 10 11 |
---------------+----------------------------------+-----
Conjurations   | 5 6 7 8 9 10 | 10.7
Spellcasting   | 3 4 5 6 |  6.0
Translocations | 2 4 5 6 |  6.0
Air Magic      | 2 3 4 6 7 |  7.4
Poison Magic   | 2 4 6 7 8 |  8.9
Dodging        | 2 3 5 6 |  6.0
Fighting       | 2 4 5 6 |  6.0
Hexes          | 2 4 |  4.2
Stealth        | |  1.7

Action                     |  1- 3 |  4- 6 |  7- 9 | 10-12 || total
---------------------------+-------+-------+-------+-------++-------
  Melee: Unarmed           |     2 |       |       |       ||     2
         Dagger            |    10 |       |       |       ||    10
         Tailslap          |     1 |       |     2 |     6 ||     9
         Short sword       |     3 |     1 |    14 |    11 ||    29
         Staff             |       |       |       |    13 ||    13
   Cast: Magic Dart        |    80 |    35 |   104 |   119 ||   338
         Searing Ray       |       |     8 |    44 |    36 ||    88
         Poisonous Vapours |       |       |    14 |    64 ||    78
         Iskenderun's Myst |       |       |     5 |    36 ||    41
         Fulminant Prism   |       |       |       |    15 ||    15
         Airstrike         |       |       |       |     1 ||     1
Ability: Breathe Noxious F |       |       |       |     6 ||     6
    Use: Scroll            |       |    12 |     5 |     8 ||    25
         Potion            |       |       |       |     1 ||     1
 Armour: Skin              |     6 |     5 |    46 |    42 ||    99
  Dodge: Dodged            |    15 |     9 |    90 |   122 ||   236
